 Dungeon Crawl Stone Soup version 0.29.0-4-gdea44cf6ec (webtiles) character file.

Game seed: 6439906482494741685

1136 qw the Cleaver (level 8, -2/48 HPs)
             Began as a Tengu Warper on Aug 28, 2022.
             Slain by a scorpion (7 damage)
             ... on level 6 of the Dungeon.
             The game lasted 00:00:36 (6646 turns).

qw the Cleaver (Tengu Warper)                       Turns: 6646, Time: 00:00:37

Health: -2/48      AC: -1    Str: 14    XL:     8   Next: 36%
Magic:  12/12      EV: 14    Int: 13    God:
Gold:   243        SH:  5    Dex: 14    Spells: 11/11 levels left

rFire   . . .      SeeInvis .   Y - +0 war axe (flame)
rCold   . . .      Faith    .   (no shield)
rNeg    . . .      Spirit   .   e - +0 ring mail
rPois   .          Reflect  +   (helmet restricted)
rElec   .          Harm     .   j - +0 cloak
rCorr   .          Rampage  .   (no gloves)
Will    .....                   (boots unavailable)
Stlth   +.........              l - amulet of reflection
HPRegen 0.16/turn               (no ring)
MPRegen 0.13/turn               (no ring)

@: lethally poisoned (-2 -> -9), marked, corroded, flying quickly and evasively,
quick
A: beak, talons 3, nimble flight
a: no special abilities


You were on level 6 of the Dungeon.
You visited 1 branch of the dungeon, and saw 6 of its levels.

You collected 243 gold pieces.


Innate Abilities, Weirdness & Mutations

You have a beak for a mouth.
You have claws for feet.
Your magical nature lets you fly swiftly and evasively.


   Skills:
 - Level 4.2 Fighting
 + Level 9.3 Axes
 - Level 1.0 Throwing
 - Level 2.3 Armour
 - Level 3.5 Dodging
 - Level 2.0 Spellcasting
 - Level 2.4 Translocations


You had 11 spell levels left.
You didn't know any spells.
Your spell library contained the following spells:

 Spells                   Type           Power      Damage    Failure   Level
 Blink                    Tloc           14%        N/A       28%         2
 Gell's Gravitas          Tloc           7%         N/A       50%         3
 Lesser Beckoning         Tloc           7%         N/A       50%         3
 Teleport Other           Tloc           7%         N/A       50%         3
 Manifold Assault         Tloc           7%         N/A       99%         5

Inventory:

Hand Weapons
 Y - a +0 war axe of flaming (weapon)
Armour
 e - a +0 ring mail (worn)
 j - a +0 cloak (worn)
Jewellery
 l - an amulet of reflection (around neck)
Scrolls
 a - a scroll of teleportation
 f - a scroll of identify
Potions
 b - a potion of might {unknown}
 c - 2 potions of cancellation
 h - a potion of mutation
 i - a potion of brilliance {unknown}
 m - 2 potions of curing
 o - a potion of ambrosia {unknown}

Dungeon Overview and Level Annotations

Branches:
Dungeon (6/15)
 Temple: D:4-7

Altars:
Makhleb
Qazlal
Trog
Wu Jian
The Shining One

Annotations:
D:5 1 runed translucent door, Crazy Yiuf


Message History

You hit the jelly but do no damage. The acid corrodes you!
Your hands burn!
You claw the jelly, but do no damage.
The jelly is lightly wounded.
The jelly misses you.
A scorpion comes into view.
You slash the jelly! You burn the jelly.
Your hands burn!
You peck the jelly.
The jelly is almost dead.
The jelly closely misses you.
An ufetubus comes into view.
You hit the jelly. You burn the jelly.
You kill the jelly!
A necrophage comes into view.
You hit the orc. You burn the orc. You claw the orc. Your peck misses the orc.
The orc is heavily wounded.
The orc misses you. The orc hits you with a +0 mace!
You hit the orc. You burn the orc.
You kill the orc!
You closely miss the scorpion. The scorpion stings you.
You are poisoned.
The scorpion poisons you! You block the ufetubus's attack.
The ufetubus misses you.
You hit the scorpion. You burn the scorpion.
You claw the scorpion, but do no damage.
You peck the scorpion, but do no damage.
The scorpion is moderately wounded.
You hit the necrophage. You burn the necrophage.
You hit the ufetubus but do no damage.
You feel very sick. The scorpion stings you. The ufetubus closely misses you.
You block the ufetubus's attack. The necrophage completely misses you.
You hit the scorpion but do no damage.
You claw the scorpion, but do no damage.
You peck the scorpion, but do no damage.
The scorpion is moderately wounded.
You hit the necrophage. You burn the necrophage. You miss the ufetubus.
You feel very sick.
The ufetubus closely misses you. x2; The scorpion stings you!
You block the ufetubus's attack. The ufetubus hits you.
The scorpion stings you!
You die...

....( ..... ...#
...# # #..#
#.#..# #
#.#%.###.##. #..
#..5s....... #.#
###.@n....). #.#
###.####..## #.#
#.).# # #.# #.###
#.# #.# #.#
####.#
####.#####....# #
#..........#.(##
.##
..######..###..##
...


You could see a necrophage, a scorpion and an ufetubus.

Vanquished Creatures
  Sigmund (D:3)
  3 black bears
  A phantom (D:6)
  Blork the orc (D:6)
  3 hounds
  3 orc priests
  3 jellies
  Ijyb (D:5)
  An orc wizard (D:3)
  10 gnolls
  4 adders
  2 shadow imps
  A worm (D:3)
  4 dart slugs
  15 orcs
  6 ball pythons
  5 endoplasms
  2 giant cockroaches (D:2)
  7 goblins
  7 hobgoblins
  4 kobolds
  A quokka (D:5)
  4 bats
  3 frilled lizards
  7 rats
  A spectral kobold (D:3)
100 creatures vanquished.

Notes
Turn   | Place    | Note
-------+----------+-------------------------------------------
     0 | D:1      | qw the Tengu Warper began the quest for the Orb.
     0 | D:1      | Reached XP level 1. HP: 12/12 MP: 4/4
     0 | D:1      | 0 ||| qw: Version: 0.1-a-89-g26bdef1
     0 | D:1      | 0 ||| qw: Game counter: 639
     0 | D:1      | 0 ||| qw: Always use a shield: true
     0 | D:1      | 0 ||| qw: God list: Okawaru
     0 | D:1      | 0 ||| qw: Allow faded altars: false
     0 | D:1      | 0 ||| qw: Do Orc after D:15 true
     0 | D:1      | 0 ||| qw: Do second Lair branch before Depths: true
     0 | D:1      | 0 ||| qw: Lair rune preference: random
     0 | D:1      | 0 ||| qw: Plans: Normal
     0 | D:1      | 0 ||| PLANNING D:1-11
   314 | D:1      | Reached skill level 3 in Axes
   314 | D:1      | Reached XP level 2. HP: 16/17 MP: 6/6
   541 | D:1      | 541 ||| DROPPING +0 club.
   547 | D:1      | 547 ||| Stepping ~*~*~tactically~*~*~ (stealth).
   548 | D:1      | 548 ||| Stepping ~*~*~tactically~*~*~ (stealth).
   550 | D:1      | 550 ||| Stepping ~*~*~tactically~*~*~ (stealth).
   693 | D:1      | 693 ||| READING scroll labelled UDIECENLIA.
   694 | D:1      | 694 ||| READING scroll labelled PUCZECK DEFRE.
   695 | D:1      | 695 ||| READING 2 scrolls labelled NIMIEJ OZOJ.
   699 | D:1      | 699 ||| READING scroll labelled KEOGIH MEDDOKI.
   700 | D:1      | 700 ||| DROPPING scroll of blinking.
   743 | D:2      | Reached skill level 4 in Axes
   743 | D:2      | Reached XP level 3. HP: 17/21 MP: 7/7
   757 | D:2      | 757 ||| FLEEEEING.
   761 | D:2      | 761 ||| STAIRDANCE
   918 | D:2      | 918 ||| Stepping ~*~*~tactically~*~*~ (stealth).
  1410 | D:2      | 1410 ||| Stepping ~*~*~tactically~*~*~ (stealth).
  1710 | D:2      | Reached XP level 4. HP: 26/26 MP: 8/8
  1728 | D:2      | 1728 ||| UPGRADING to amulet of reflection.
  1733 | D:2      | 1733 ||| READING scroll labelled TUOMARROTZ.
  1734 | D:2      | 1734 ||| READING scroll labelled PYEPLA GALEA.
  1735 | D:2      | 1735 ||| READING scroll labelled GOPHIM JAO.
  1736 | D:2      | 1736 ||| DRINKING 2 grey potions.
  1786 | D:3      | Reached skill level 5 in Axes
  2018 | D:3      | Found a faded altar of an unknown god.
  2038 | D:3      | Noticed Sigmund
  2054 | D:3      | HP: 6/26 [Sigmund/+0 scythe (5)]
  2055 | D:3      | 2055 ||| READING scroll of teleportation.
  2056 | D:3      | 2056 ||| DRINKING potion of heal wounds.
  2062 | D:3      | Gained mutation: Your magical nature lets you fly swiftly
                  | and evasively. [Tengu growth]
  2062 | D:3      | Reached XP level 5. HP: 30/30 MP: 9/9
  2177 | D:3      | 2177 ||| Invisible monster not found???
  2299 | D:3      | 2299 ||| Stepping ~*~*~tactically~*~*~ (hiding).
  2407 | D:3      | 2407 ||| Stepping ~*~*~tactically~*~*~ (stealth).
  2409 | D:3      | 2409 ||| Stepping ~*~*~tactically~*~*~ (stealth).
  2410 | D:3      | 2410 ||| Stepping ~*~*~tactically~*~*~ (stealth).
  2412 | D:3      | 2412 ||| Stepping ~*~*~tactically~*~*~ (stealth).
  2414 | D:3      | 2414 ||| Stepping ~*~*~tactically~*~*~ (stealth).
  2418 | D:3      | 2418 ||| Stepping ~*~*~tactically~*~*~ (hiding).
  2425 | D:3      | Killed Sigmund
  2426 | D:3      | Reached skill level 7 in Axes
  2426 | D:3      | Reached XP level 6. HP: 25/35 MP: 10/10
  2661 | D:3      | 2661 ||| Stepping ~*~*~tactically~*~*~ (stealth).
  2663 | D:3      | 2663 ||| Stepping ~*~*~tactically~*~*~ (hiding).
  2665 | D:3      | 2665 ||| Stepping ~*~*~tactically~*~*~ (hiding).
  2682 | D:3      | 2682 ||| FLEEEEING.
  2751 | D:3      | 2751 ||| DROPPING +0 whip.
  2889 | D:3      | Found a burning altar of Makhleb.
  3473 | D:3      | 3473 ||| DRINKING 3 purple potions.
  3659 | D:4      | Found a stormy altar of Qazlal.
  3668 | D:4      | Reached skill level 3 in Fighting
  3960 | D:4      | Noticed a black bear
  3973 | D:4      | Killed a black bear
  3974 | D:4      | Reached skill level 3 in Dodging
  3974 | D:4      | Reached XP level 7. HP: 23/41 MP: 11/11
  4230 | D:4      | 4230 ||| Stepping ~*~*~tactically~*~*~ (stealth).
  4231 | D:4      | Identified the +5 falchion of the Wasteland {vorpal, Dex+3}
  4232 | D:4      | 4232 ||| Stepping ~*~*~tactically~*~*~ (hiding).
  4237 | D:4      | 4237 ||| Stepping ~*~*~tactically~*~*~ (hiding).
  4282 | D:4      | 4282 ||| FLEEEEING.
  4283 | D:4      | 4283 ||| FLEEEEING.
  4284 | D:4      | 4284 ||| FLEEEEING.
  4285 | D:4      | 4285 ||| FLEEEEING.
  4286 | D:4      | 4286 ||| FLEEEEING.
  4287 | D:4      | 4287 ||| FLEEEEING.
  4288 | D:4      | 4288 ||| FLEEEEING.
  4289 | D:4      | 4289 ||| FLEEEEING.
  4290 | D:4      | 4290 ||| FLEEEEING.
  4291 | D:4      | 4291 ||| FLEEEEING.
  4292 | D:4      | 4292 ||| FLEEEEING.
  4293 | D:4      | 4293 ||| FLEEEEING.
  4294 | D:4      | 4294 ||| FLEEEEING.
  4295 | D:4      | 4295 ||| FLEEEEING.
  4296 | D:4      | 4296 ||| FLEEEEING.
  4297 | D:4      | 4297 ||| FLEEEEING.
  4298 | D:4      | 4298 ||| FLEEEEING.
  4299 | D:4      | 4299 ||| FLEEEEING.
  4300 | D:4      | 4300 ||| FLEEEEING.
  4301 | D:4      | 4301 ||| FLEEEEING.
  4302 | D:4      | 4302 ||| FLEEEEING.
  4303 | D:4      | 4303 ||| FLEEEEING.
  4304 | D:4      | 4304 ||| FLEEEEING.
  4306 | D:4      | 4306 ||| FLEEEEING.
  4307 | D:4      | 4307 ||| FLEEEEING.
  4308 | D:4      | 4308 ||| FLEEEEING.
  4309 | D:4      | 4309 ||| STAIRDANCE
  4444 | D:3      | 4444 ||| UPGRADING to +0 cloak.
  4449 | D:3      | 4449 ||| READING 3 scrolls of identify.
  4449 | D:3      | 4449 ||| IDENTIFYING murky green potion
  4450 | D:3      | 4450 ||| READING 2 scrolls of identify.
  4450 | D:3      | 4450 ||| IDENTIFYING glowing green potion
  4451 | D:3      | 4451 ||| DROPPING potion of berserk rage.
  4454 | D:4      | 4454 ||| STAIRDANCE
  4515 | D:4      | 4515 ||| STAIRDANCE
  4633 | D:4      | 4633 ||| STAIRDANCE
  4738 | D:4      | 4738 ||| Stepping ~*~*~tactically~*~*~ (stealth).
  4751 | D:4      | Reached skill level 8 in Axes
  4850 | D:4      | 4850 ||| SWAPPING to +0 war axe.
  4851 | D:4      | 4851 ||| DROPPING +0 hand axe.
  4903 | D:4      | Found an ornate altar of the Wu Jian Council.
  4912 | D:4      | Found a bloodstained altar of Trog.
  5247 | D:4      | 5247 ||| UPGRADING to +0 ring mail.
  5257 | D:4      | 5257 ||| DROPPING +0 leather armour.
  5258 | D:4      | 5258 ||| READING scroll labelled ECODDO WYDD.
  5259 | D:4      | 5259 ||| READING scroll labelled CEL CYCZORIFU.
  5299 | D:5      | Entered Level 5 of the Dungeon
  5299 | D:5      | Noticed Ijyb
  5303 | D:5      | Killed Ijyb
  5317 | D:5      | Reached skill level 9 in Axes
  5317 | D:5      | Reached XP level 8. HP: 38/46 MP: 12/12
  5421 | D:5      | 5421 ||| Stepping ~*~*~tactically~*~*~ (stealth).
  5423 | D:5      | 5423 ||| Stepping ~*~*~tactically~*~*~ (hiding).
  5576 | D:5      | 5576 ||| Stepping ~*~*~tactically~*~*~ (hiding).
  5791 | D:5      | Found a glowing golden altar of the Shining One.
  6008 | D:5      | Found a runed translucent door.
  6009 | D:5      | Noticed Crazy Yiuf
  6323 | D:5      | 6323 ||| DROPPING scarf of shadows.
  6324 | D:5      | 6324 ||| READING scroll labelled HEMABR BENOEWK.
  6325 | D:5      | 6325 ||| DROPPING +0 flail.
  6326 | D:5      | 6326 ||| READING 3 scrolls of identify.
  6326 | D:5      | 6326 ||| IDENTIFYING fizzy clear potion
  6327 | D:5      | 6327 ||| READING 2 scrolls of identify.
  6327 | D:5      | 6327 ||| IDENTIFYING viscous purple potion
  6328 | D:5      | 6328 ||| DROPPING potion of invisibility.
  6472 | D:6      | Noticed Blork the orc
  6478 | D:6      | Killed Blork the orc
  6638 | D:6      | 6638 ||| FLEEEEING.
  6646 | D:6      | HP: 6/48 [scorpion (7)]
  6646 | D:6      | Slain by a scorpion

Levels and vault maps discovered:
D:1:      grunt_arrival_lava_bath, layout_loops_cross
D:2:      layout_loops_ring
D:3:      layout_basic, marbit_many_paths,
          dreamdust_ecumenical_altar_drowned_temple, uniq_sigmund
D:4:      layout_layer_cave, nicolae_qazlal_scattered_showers,
          trog_ov_bears_minmay, pdpol_wu_jian_five_deadly_venoms
D:5:      layout_cave_pods, mainiacjoe_overflow_brackets,
          ebering_dispersal_statue_hall, kennysheep_generic_room_12,
          uniq_crazy_yiuf_cottage, uniq_ijyb
D:6:      layout_loops_ring, nemelex_diamond_rough_becter,
          minmay_temple_entry_grid, uniq_blork_the_orc

Skill      XL: |  1  2  3  4  5  6  7  8 |
---------------+-------------------------+-----
Axes           | 3 4 5 7 9 |  9.3
Fighting       | 3 4 |  4.2
Dodging        | 3 |  3.5
Armour         | 2 |  2.3
Throwing       | |  1.0
Spellcasting   | |  2.0
Translocations | |  2.4

Action                   |  1- 3 |  4- 6 |  7- 9 || total
-------------------------+-------+-------+-------++-------
Melee: Hand axe          |    66 |    95 |    48 ||   209
       Kick              |    15 |    25 |    31 ||    71
       Peck              |     2 |    15 |    20 ||    37
       Punch             |       |     2 |     1 ||     3
       War axe           |       |       |    47 ||    47
       Unarmed           |       |       |    12 ||    12
Throw: Boomerang         |    41 |    21 |       ||    62
  Use: Scroll            |     4 |     4 |     7 ||    15
       Potion            |       |     3 |       ||     3
 Stab: Sleeping          |       |     1 |       ||     1
Armor: Leather armour    |    20 |    13 |    11 ||    44
       Ring mail         |       |       |     5 ||     5
Dodge: Dodged            |    33 |    55 |    61 ||   149
Block: Other             |       |    27 |    21 ||    48
       Reflection        |       |     1 |     1 ||     2

Table legend:
 A = Non-vault XP
 B = Vault XP
 C = Vault XP percentage of total XP
 D = Non-vault monster count
 E = Vault monster count
 F = Vault count percentage of total count
                 A         B        C        D         E       F
            +---------+---------+-------+---------+---------+-------
      Total |     998 |     625 |  38.5 |      93 |       7 |   7.0
            +---------+---------+-------+---------+---------+-------
        D:1 |      32 |       0 |   0.0 |      17 |       0 |   0.0
        D:2 |      51 |       0 |   0.0 |      18 |       0 |   0.0
        D:3 |     298 |     231 |  43.7 |      20 |       3 |  13.0
        D:4 |     157 |     264 |  62.7 |      20 |       2 |   9.1
        D:5 |     170 |      36 |  17.5 |       9 |       1 |  10.0
        D:6 |     290 |      94 |  24.5 |       9 |       1 |  10.0
            +---------+---------+-------+---------+---------+-------
